 Dungeon Crawl Stone Soup version 0.18.1-5-g4a78601 (webtiles) character file.

23 jacquesderrida the Poker (level 2, -1/33 HPs)
             Began as a Demonspawn Skald on May 14, 2016.
             Slain by Natasha (3 damage)
             ... on level 2 of the Dungeon.
             The game lasted 00:00:39 (446 turns).

jacquesderrida the Poker (Demonspawn Skald)          Turns: 446, Time: 00:00:40

Health: -1/33      AC: 21    Str: 12    XL:     2   Next: 75%
Magic:  5/5        EV:  2    Int: 13    God:
Gold:   89         SH:  0    Dex: 12    Spells: 1 memorised, 4 levels left

rFire  . . .     SeeInvis .     a - +0 spear
rCold  . . .     Gourm    .     (armour currently unavailable)
rNeg   + + +     Faith    .     (no shield)
rPois  +         Spirit   .     (helmet currently unavailable)
rElec  .         Dismiss  .     (cloak currently unavailable)
rCorr  .         Reflect  .     (gloves currently unavailable)
SustAt .         Harm     .     (boots currently unavailable)
MR     .....     NoTele   +     (no amulet)
Stlth  +.........               (no ring)
                                (no ring)

@: tree-form (expiring), slowed, very slow, not resistant to hostile
enchantments, very unstealthy
A: (icy blue scales 0)
a: no special abilities


You were on level 2 of the Dungeon.
You were not hungry.
You were a tree.
You visited 1 branch of the dungeon, and saw 2 of its levels.

You collected 89 gold pieces.

Inventory:

Hand Weapons
 a - a +0 spear (weapon)
Armour
 b - a +0 leather armour (melded)
 l - a +0 pair of gloves (melded)
Scrolls
 f - 4 scrolls of identify {unknown}
 h - a scroll of recharging {unknown}
 j - a scroll of random uselessness {unknown}
 n - a scroll of teleportation {unknown}
Potions
 e - a potion of lignification
 g - a potion of heal wounds {unknown}
 k - a potion of degeneration {unknown}
Books
 c - a book of Battle

   Spells                             Type                      Level
   a - Infusion                       Charms                       1
   b - Shroud of Golubria             Charms/Translocation         2
   c - Song of Slaying                Charms                       2
   d - Spectral Weapon                Hexes/Charms                 3
   e - Regeneration                   Charms/Necromancy            3
Comestibles
 d - a bread ration
 i - 4 fruits
 m - a slice of pizza


   Skills:
 - Level 2.0 Fighting
 + Level 3.0 Polearms
 - Level 0.8 Armour
 - Level 0.8 Dodging
 - Level 2.0 Spellcasting
 - Level 2.6 Charms


You had 4 spell levels left.
You knew the following spells:

 Your Spells              Type           Power        Failure   Level  Hunger
a - Infusion              Chrm           #...         10%         1    ##.....


Dungeon Overview and Level Annotations

Branches:
Dungeon (2/15)

Altars:

Annotations:
D:2 Natasha


Innate Abilities, Weirdness & Mutations

((You are partially covered in icy blue scales (AC +1).))


Message History

Natasha is moderately wounded.
Natasha casts a spell at you. The magic dart hits you!
You barely miss Natasha.
Natasha is moderately wounded.
Natasha stares at you and mumbles some strange words.
The magic dart hits you!
Natasha wildly gestures.
You feel troubled. Natasha casts a spell at you.
You feel as though you will be slow longer.
You closely miss Natasha.
Natasha is moderately wounded.
Natasha howls an incantation.
Natasha glows brightly for a moment.
Natasha claws you but does no damage.
You closely miss Natasha.
Natasha is moderately wounded.
Natasha claws you.
You die...

#.# #.# #
#.# #. #!#
.####.##
<.....
..#.#
######.#♣#
.......#h#
### #.5#
..###.#
#.#.## #.##
.######.##
.....^...#
.........##


You could see Natasha and a shadow imp.

Vanquished Creatures
  An adder (D:2)
  A giant cockroach (D:1)
  4 goblins
  A hobgoblin (D:1)
  3 kobolds (D:1)
  3 rats (D:1)
13 creatures vanquished.

Notes
Turn   | Place    | Note
--------------------------------------------------------------
     0 | D:1      | jacquesderrida the Demonspawn Skald began the quest for the Orb.
     0 | D:1      | Reached XP level 1. HP: 16/16 MP: 3/3
    69 | D:1      | Reached skill level 2 in Polearms
   158 | D:1      | Gained mutation: You are partially covered in icy blue scales (AC +1). [demonic ancestry]
   158 | D:1      | Reached XP level 2. HP: 14/22 MP: 5/5
   395 | D:2      | Reached skill level 3 in Polearms
   422 | D:2      | Noticed Natasha
   440 | D:2      | HP: 1/33 [Natasha (2)]
   446 | D:2      | Slain by Natasha

Skill      XL: |  1  2 |
---------------+-------+-----
Polearms       | 2 3 |  3.0
Fighting       | |  2.0
Armour         | |  0.8
Dodging        | |  0.8
Spellcasting   | |  2.0
Charms         | |  2.6

Action                   || total
-------------------------++-------
Melee: Spear             ||    64
  Use: Potion            ||     1
Armor: Leather armour    ||    10
       Skin              ||    13
Dodge: Dodged            ||    29
